 Dungeon Crawl Stone Soup version 0.30-a0-748-ge6a52f7cba (webtiles) character file.

Game seed: 15020377899557111417

10999 sircluck the Marksspriggan (level 11, -9/58 HPs)
             Began as a Spriggan Hunter on Feb 8, 2023.
             Engulfed by a cloud of freezing vapour (31 damage)
             ... in an ice cave.
             The game lasted 00:53:47 (16651 turns).

sircluck the Marksspriggan (Spriggan Hunter)       Turns: 16651, Time: 00:53:48

Health: -9/58      AC:  9    Str:  7    XL:     11   Next: 43%
Magic:  12/12      EV: 29    Int: 11    God:
Gold:   608        SH:  0    Dex: 26    Spells: 9/10 levels left

rFire   . . .      SeeInvis +    a - +0 shortbow
rCold   . . .      Faith    .    (shield currently unavailable)
rNeg    . . .      Spirit   .    c - +0 robe
rPois   .          Reflect  .    k - +0 hat
rElec   .          Harm     .    v - +2 cloak
rCorr   .          Rampage  .    (gloves unavailable)
Will    +....                    (boots unavailable)
Stlth   +++                      F - amulet of Xodd {RegenMP Dex+3}
HPRegen 0.29/turn                x - +5 ring of evasion
MPRegen 0.53/turn                D - +4 ring of protection

@: very quick
A: very small, no large weapons, unfitting armour, see invisible, speed 3
a: no special abilities


You were in an ice cave.
You visited 3 branches of the dungeon, and saw 12 of its levels.
You also visited: Ice Cave.

You collected 608 gold pieces.

Inventory:

Hand Weapons
 a - a +0 shortbow (weapon)
 N - a +5 flail
 Q - a +4 scimitar
Missiles
 i - 7 boomerangs
 j - 35 poisoned darts
 H - 7 curare-tipped darts
Armour
 c - a +0 robe (worn)
 h - a scarf of resistance
 k - a +0 hat (worn)
 v - a +2 cloak (worn)
 y - an orb of light
 B - the +2 robe of Paranoia {Rampage rElec Regen+ Dex-5}
   (You found it on level 5 of the Dungeon)

   Dex:       It affects your dexterity (-5).
   rElec:     It insulates you from electricity.
   Regen:     It increases your rate of health regeneration.
   Rampage:   It bestows one free step when moving towards enemies.
 J - a +0 troll leather armour
Magical Staves
 R - a staff of cold
Jewellery
 m - an amulet of faith
 x - a +5 ring of evasion (left hand)
 D - a +4 ring of protection (right hand)
 F - the amulet of Xodd (around neck) {RegenMP Dex+3}
   (You found it on level 7 of the Dungeon)

   [amulet of magic regeneration]

   It increases your rate of magic regeneration.
   Dex:       It affects your dexterity (+3).
 G - a ring of magical power
Wands
 C - a wand of flame (5)
 E - a wand of iceblast (11)
Scrolls
 n - a scroll of fog {unknown}
 p - 2 scrolls of poison
 t - 6 scrolls of identify
 z - a scroll of teleportation
 I - a scroll of enchant weapon {unknown}
 K - 2 scrolls of amnesia {unknown}
 L - 2 scrolls of fear {unknown}
 O - a scroll of noise
Potions
 d - 2 potions of lignification {unknown}
 e - 4 potions of might {unknown}
 f - 6 potions of heal wounds {unknown}
 g - a potion of flight {unknown}
 l - a potion of cancellation {unknown}
 q - a potion of attraction {unknown}
 r - 3 potions of invisibility {unknown}
 s - 2 potions of degeneration {unknown}
 u - 2 potions of brilliance {unknown}
 w - 4 potions of haste {unknown}
 A - a potion of ambrosia {unknown}
 P - a potion of mutation {unknown}
 S - 2 potions of magic {unknown}


   Skills:
 + Level 7.1 Fighting
 + Level 15.5 Ranged Weapons
 + Level 7.1 Dodging
 + Level 3.7 Stealth
 + Level 0.3 Conjurations
 + Level 0.7 Evocations


You had 9 spell levels left.
You knew the following spells:

 Your Spells              Type           Power      Damage    Failure   Level
a - Foxfire               Conj/Fire      0%         2x1d4     32%         1

Your spell library contained the following spells:

 Spells                   Type           Power      Damage    Failure   Level
 Freeze                   Ice            0%         1d3       34%         1
 Sandblast                Erth           0%         2d4       34%         1
 Slow                     Hex            0%         N/A       34%         1
 Momentum Strike          Conj/Tloc      0%         3d8       45%         2
 Blink                    Tloc           0%         N/A       47%         2
 Lesser Beckoning         Tloc           0%         N/A       47%         2
 Passwall                 Tmut/Erth      0%         N/A       47%         2
 Hailstorm                Conj/Ice       0%         3d3       69%         3
 Stone Arrow              Conj/Erth      0%         3d7       69%         3
 Confusing Touch          Hex            0%         N/A       71%         3
 Frozen Ramparts          Ice            0%         1d1       71%         3
 Gell's Gravitas          Tloc           0%         N/A       71%         3
 Ignite Poison            Fire/Tmut/Pois 0%         N/A       71%         3
 Kindle Blastsparks       Fire/Tloc/Air  0%         2d10      71%         3
 Teleport Other           Tloc           0%         N/A       71%         3
 Anguish                  Hex/Necr       0%         N/A       98%         4
 Passage of Golubria      Tloc           0%         N/A       98%         4
 Fireball                 Conj/Fire      0%         3d3       100%        5
 Freezing Cloud           Conj/Ice/Air   0%         6-21      100%        5
 Iskenderun's Battlesphe  Conj           0%         2d6       100%        5
 Lee's Rapid Deconstruct  Erth           0%         3d4*      100%        5
 Silence                  Hex/Air        0%         N/A       100%        5
 Dispersal                Tloc           0%         N/A       100%        6
 Iron Shot                Conj/Erth      0%         9d1       100%        6
 Starburst                Conj/Fire      0%         6d3       100%        6
 Enfeeble                 Hex            0%         N/A       100%        7
 Spellforged Servitor     Conj/Summ      0%         N/A       100%        7
 Lehudib's Crystal Spear  Conj/Erth      0%         10d2      100%        8


Dungeon Overview and Level Annotations

Branches:
Dungeon (10/15)            Temple (1/1) D:4            Lair (1/5) D:8
    Orc (0/2) D:9           IceCv (1/1)

Altars:
Ashenzari
Cheibriados
Dithmenos
Elyvilon
Fedhas
Gozag
Hepliaklqana
Kikubaaqudgha
Makhleb
Nemelex Xobeh
Okawaru
Qazlal
Ru
Sif Muna
Trog
Uskayaw
Vehumet
Wu Jian
Xom
Yredelemnul
Zin
The Shining One

Annotations:
IceCv exclusion: ice statue


Innate Abilities, Weirdness & Mutations

You are very small and have problems with some larger weapons.
You are too small for most types of armour.
You have supernaturally acute eyesight. (SInv)
You cover ground extremely quickly. (Speed+++)


Message History

Look: a reaper, wielding a +1 scythe of freezing (susceptible)
As you read the scroll of immolation, it crumbles to dust.
The creatures around you are filled with an inner flame!
The reaper shouts, "Death awaits you!"
You shoot an arrow.
The arrow hits the reaper but does no damage.
You shoot an arrow.
The arrow hits the reaper but does no damage.
The reaper's inner flame fades away.
You shoot an arrow.
The arrow hits the reaper but does no damage.
You shoot an arrow. The arrow hits the reaper.
The reaper is lightly wounded.
You shoot an arrow. The arrow hits the reaper!
The reaper is lightly wounded.
You shoot an arrow. The arrow barely misses the reaper.
You shoot an arrow.
The arrow hits the reaper but does no damage.
The reaper is lightly wounded.
There is an ice covered gate leading back out of this place here.
You shoot an arrow. The arrow barely misses the reaper.
The reaper hits you from afar with a +1 scythe of freezing!
The reaper freezes you.
As you read the scroll of teleportation, it crumbles to dust.
You feel strangely unstable.
The reaper hits you from afar with a +1 scythe of freezing!
The reaper freezes you.
Your surroundings suddenly seem different.
You shoot an arrow. The ufetubus shouts!
The arrow hits the ufetubus!
You kill the ufetubus!
No target in view!
Partly explored, can't reach some items and places.
Partly explored, can't reach some items and places.
You are engulfed in freezing vapours.
You are engulfed in freezing vapours.
You are engulfed in freezing vapours.
Ouch! That really hurt!
You die...

##..#
##.#
##.##
#..##
##°.☼#
#..°.#
##§§○##
#○§§§§#
#
#@☼§☼§#
#
###.○§##
##
#.°§°##
#.
##.☼§○#
#.
##.○##
## #...#
# ##.##
# #.## #
##..## #


There were no monsters in sight!

Vanquished Creatures
  3 two-headed ogres
  Joseph (D:7)
  An unseen horror (D:10)
  A troll (D:9)
  A shadow (D:8)
  2 dire elephant simulacra (IceCv)
  A wyvern (D:9)
  Grum (D:9)
  10 yaks
  2 wargs (D:8)
  2 water moccasins (D:7)
  A sky beast (D:7)
  3 ice beasts
  2 black bears
  6 orc warriors
  4 ogres
  3 wolves (D:9)
  3 phantoms
  3 kobold brigands
  3 bullfrogs
  3 necrophages
  3 gnoll sergeants
  4 scorpions
  3 two-headed ogre simulacra (IceCv)
  2 cane toad simulacra (IceCv)
  8 wights
  9 killer bees
  4 howler monkeys
  9 orc priests
  3 hounds
  A gnoll bouda (D:6)
  2 jellies (D:8)
  5 iguanas
  Natasha (thrice) (D:2)
  10 orc wizards
  Ijyb (D:5)
  5 troll simulacra (IceCv)
  2 polar bear simulacra (IceCv)
  5 spriggan simulacra (IceCv)
  3 adders
  17 gnolls
  4 naga simulacra (IceCv)
  9 white imps
  7 ufetubi
  4 worms
  A dart slug (D:6)
  35 orcs
  11 ball pythons
  8 endoplasms
  6 giant cockroaches
  14 goblins
  6 hobgoblins
  6 quokkas
  6 bats
  2 frilled lizards
  24 kobolds
  8 rats
  A spectral orc (D:4)
307 creatures vanquished.

Vanquished Creatures (others)
  2 foxfires (D:1)
  A fungus (D:1)
  A plant (D:1)
4 creatures vanquished.

Grand Total: 311 creatures vanquished

Notes
Turn   | Place    | Note
-------+----------+-------------------------------------------
     0 | D:1      | sircluck the Spriggan Hunter began the quest for the Orb.
     0 | D:1      | Reached XP level 1. HP: 10/10 MP: 2/2
   212 | D:1      | Reached XP level 2. HP: 14/14 MP: 3/3
   291 | D:1      | Found a faded altar of an unknown god.
   697 | D:1      | Learned a level 1 spell: Foxfire
   970 | D:2      | Reached XP level 3. HP: 18/18 MP: 4/4
  1077 | D:2      | Reached skill level 5 in Ranged Weapons
  1229 | D:2      | Reached XP level 4. HP: 23/23 MP: 5/5
  1645 | D:2      | Noticed Natasha
  1655 | D:2      | Killed Natasha
  1656 | D:2      | Reached XP level 5. HP: 17/26 MP: 6/6
  1843 | D:2      | Noticed Natasha
  1852 | D:2      | Killed Natasha
  1853 | D:2      | Reached skill level 6 in Ranged Weapons
  2234 | D:2      | Noticed Natasha
  2246 | D:2      | Killed Natasha
  4293 | D:3      | Found a shimmering altar of Xom.
  4413 | D:3      | Noticed a black bear
  4468 | D:3      | Killed a black bear
  4469 | D:3      | Reached XP level 6. HP: 29/31 MP: 7/7
  4935 | D:4      | Reached skill level 7 in Ranged Weapons
  4960 | D:4      | Reached XP level 7. HP: 33/35 MP: 8/8
  5114 | D:4      | Found a hazy altar of Hepliaklqana.
  5142 | D:4      | Found a staircase to the Ecumenical Temple.
  5170 | D:4      | Reached skill level 8 in Ranged Weapons
  5385 | D:4      | Found an iron altar of Okawaru.
  5417 | Temple   | Entered the Ecumenical Temple
  5530 | D:5      | Entered Level 5 of the Dungeon
  5530 | D:5      | Noticed Ijyb
  5697 | D:5      | You fall into a shaft and drop 3 floors!
  5735 | D:8      | Noticed a two-headed ogre
  5736 | D:8      | Noticed a shadow
  5769 | D:8      | Reached XP level 8. HP: 40/40 MP: 9/9
  5799 | D:8      | Reached skill level 9 in Ranged Weapons
  5990 | D:7      | Found a radiant altar of Vehumet.
  6368 | D:6      | Found a snail-covered altar of Cheibriados.
  6424 | D:5      | Paralysed by Ijyb for 4 turns
  6433 | D:5      | Killed Ijyb
  6437 | D:5      | Identified the +2 robe of Paranoia {Rampage rElec Regen+
                  | Dex-5}
  6588 | D:5      | Found a broken altar of Ashenzari.
  6617 | D:5      | Reached skill level 10 in Ranged Weapons
  6951 | D:6      | Reached skill level 5 in Dodging
  7142 | D:6      | Reached XP level 9. HP: 44/45 MP: 10/10
  7515 | D:6      | Reached skill level 11 in Ranged Weapons
  7729 | D:6      | Found a shadowy altar of Dithmenos.
  8229 | D:7      | Identified the amulet of Xodd {RegenMP Dex+3}
  8250 | D:7      | Got the Grimoire of the Vexatious Fjord
  8983 | D:7      | Noticed Joseph
  9398 | D:7      | Killed Joseph
  9399 | D:7      | Reached skill level 5 in Fighting
  9399 | D:7      | Reached skill level 12 in Ranged Weapons
 10114 | D:8      | Reached XP level 10. HP: 51/51 MP: 11/11
 10281 | D:8      | Reached skill level 13 in Ranged Weapons
 10370 | D:8      | Found a staircase to the Lair.
 11994 | D:8      | Killed a two-headed ogre
 12691 | D:9      | Reached skill level 14 in Ranged Weapons
 13089 | D:9      | Noticed Grum
 13390 | D:9      | Killed Grum
 13641 | D:9      | Found a glowing silver altar of Zin.
 13676 | D:9      | Found a staircase to the Orcish Mines.
 13806 | D:10     | Entered Level 10 of the Dungeon
 13940 | D:10     | Noticed a two-headed ogre
 13972 | D:10     | Killed a two-headed ogre
 13973 | D:10     | Reached XP level 11. HP: 58/58 MP: 12/12
 14039 | D:10     | Identified the +6 scale mail "Timila" {rPois}
 14188 | D:10     | Noticed a two-headed ogre
 14248 | D:10     | Killed a two-headed ogre
 14249 | D:10     | Reached skill level 15 in Ranged Weapons
 14462 | D:10     | Found a hide-covered altar of Uskayaw.
 14712 | D:10     | Found a shimmering blue altar of Sif Muna.
 14988 | Lair:1   | Entered Level 1 of the Lair of Beasts
 15061 | Lair:1   | Found a frozen archway.
 15076 | IceCv    | Entered an ice cave
 16086 | IceCv    | Noticed a reaper
 16116 | IceCv    | HP: 2/58 [something (14)]
 16651 | IceCv    | Engulfed by a cloud of freezing vapour

Illustrated notes

Levels and vault maps discovered:
D:1:      nicolae_arrival_washed_ashore, layout_basic,
          dreamdust_ecumenical_altar_grove
D:2:      cheibrodos_greedy_goblins, layout_loops_ring,
          hangedman_decor_clover_reticule, minmay_bisected, uniq_natasha
D:3:      minmay_angry_zag, layout_rooms, brannock_xom_greatest_gift,
          serial_glass, glass_columns_c, glass_columns_b, moated_statue
D:4:      layout_cave_pools, nicolae_hepliaklqana_monster_ancestors,
          kennysheep_okawaru_gauntlet, minmay_temple_entry_glass
D:5:      layout_rooms, kennysheep_mini_moat, uniq_ijyb
D:6:      layout_basic, grunt_dithmenos_shadows, kennysheep_slug_shrine
D:7:      layout_basic, mainiacjoe_overflow_boulevard, hex_medium, uniq_joseph
D:8:      layout_basic, erik_lair_orcish_takeover
D:9:      layout_gridville, lemuel_coloured_pillars_altar, orc_0_dummy,
          uniq_grum
D:10:     nicolae_BIG_FREAKIN_CUBE, layout_irregular_city, kennysheep_mini,
          kennysheep_orc_sif_temple, grunt_decor_one_mirror
Temple:   nicolae_temple_no_exploring_needed
Lair:1:   layout_regular_city, portal_ice_cave_entry_pillars_1, uniq_gastronok
IceCv:    ice_cave_caverns_01

Skill      XL: |  1  2  3  4  5  6  7  8  9 10 11 |
---------------+----------------------------------+-----
Ranged Weapons | 5 6 7 8 10 12 14 15 | 15.5
Fighting       | 2 3 4 5 6 7 |  7.1
Dodging        | 3 4 5 6 7 |  7.1
Stealth        | 2 3 |  3.7
Conjurations   | |  0.3
Evocations     | |  0.7

Action                     |  1- 3 |  4- 6 |  7- 9 | 10-12 || total
---------------------------+-------+-------+-------+-------++-------
   Fire: Shortbow          |   101 |   184 |   520 |   611 ||  1416
   Cast: Foxfire           |     1 |       |       |       ||     1
  Evoke: Wand              |       |       |       |    11 ||    11
    Use: Scroll            |       |       |     6 |     6 ||    12
         Potion            |       |       |       |     2 ||     2
 Armour: Robe              |     2 |     9 |    14 |    18 ||    43
  Dodge: Dodged            |    35 |   129 |   185 |   256 ||   605

Table legend: (Time is in decaauts)
 A = Elapsed time spent in this place.
 B = Non-inter-level travel time spent in this place.
 C = Inter-level travel time spent in this place.
 D = Time resting spent in this place.
 E = Time spent auto-exploring this place.
 F = Levels seen in this place.
 G = Mean time per level.
                   A        B        C        D        E       F      G
               +--------+--------+--------+--------+--------+-----+--------+
         Total |  12381 |  11260 |   1121 |   2608 |   4761 |  13 |  952.4 |
       Dungeon |  11004 |   9883 |   1121 |   2282 |   4227 |  10 | 1100.4 |
        Temple |     40 |     40 |      0 |      0 |      0 |   1 |   40.0 |
          Lair |     54 |     54 |      0 |      0 |     42 |   1 |   54.0 |
      Ice Cave |   1282 |   1282 |      0 |    326 |    490 |   1 | 1282.0 |
               +--------+--------+--------+--------+--------+-----+--------+

Top non-repeatable levels by time:
     D:2: 2974 daAuts
     D:8: 1923 daAuts
     D:7: 1490 daAuts
   IceCv: 1282 daAuts
     D:6: 1107 daAuts
     D:9: 966 daAuts
    D:10: 665 daAuts
     D:1: 561 daAuts
     D:3: 479 daAuts
     D:4: 428 daAuts
     D:5: 406 daAuts
  Lair:1: 54 daAuts
  Temple: 40 daAuts
